 Dungeon Crawl Stone Soup version 0.28.0 (webtiles) character file.

Game seed: 7933629267772213900

4 SnakkuSnakku7 the Skirmisher (level 1, 0/18 HPs)
             Began as a Mummy Cinder Acolyte on Feb 11, 2022.
             Was a High Priest of Ignis.
             Frozen to death by an endoplasm (2 damage)
             ... on level 1 of the Dungeon.
             The game lasted 00:00:14 (96 turns).

SnakkuSnakku7 the Skirmisher (Mummy Cinder Acolyte)   Turns: 96, Time: 00:00:14

Health: 0/18       AC:  2    Str: 17    XL:     1   Next: 58%
Magic:  2/2        EV: 11    Int: 13    God:    Ignis [*****.]
Gold:   9          SH:  0    Dex:  7    Spells: 2/2 levels left

rFire   . . .      SeeInvis .   a - -1 mace (flame)
rCold   + . .      Faith    .   (no shield)
rNeg    + + +      Spirit   .   b - +0 robe
rPois   ∞          Reflect  .   (no helmet)
rElec   .          Harm     .   (no cloak)
rCorr   .          Rampage  .   (no gloves)
Will    .....                   (no boots)
Stlth   +.........              (no amulet)
HPRegen 0.06/turn               (no ring)
MPRegen 0.08/turn               (no ring)

@: no status effects
A: cold resistance 1, negative energy resistance 3, torment resistance 2, heat
vulnerability 1, no potions
a: Renounce Religion, Fiery Armour, Foxfire Swarm, Rising Flame


You were on level 1 of the Dungeon.
You worshipped Ignis.
Ignis was extremely pleased with you.
You visited 1 branch of the dungeon, and saw 1 of its levels.

You collected 9 gold pieces.

Inventory:

Hand Weapons
 a - a -1 mace of flaming (weapon)
Armour
 b - a +0 robe (worn)
Scrolls
 c - a scroll of blinking {unknown}


   Skills:
 - Level 3.0 Fighting
 - Level 2.4 Maces & Flails
 - Level 1.3 Spellcasting
 + Level 2.7 Fire Magic


You had 2 spell levels left.
You didn't know any spells.
Your spell library contained the following spells:

 Spells                   Type           Power      Damage    Failure   Level
 Scorch                   Fire           16%        2d6       13%         2


Dungeon Overview and Level Annotations

Branches:
Dungeon (1/15)

Altars:


Innate Abilities, Weirdness & Mutations

You are immune to poison.
Your flesh is cold resistant. (rC+)
You are immune to negative energy. (rN+++)
You are immune to unholy pain and torment.
You are vulnerable to heat. (rF-)
You do not drink.


Message History

You kill the goblin!
The giant cockroach bites you.
You hit the giant cockroach. You burn the giant cockroach.
The giant cockroach is almost dead.
The giant cockroach barely misses you.
You hit the giant cockroach. You burn the giant cockroach.
You kill the giant cockroach!
Things that are here:
a +0 club; a goblin corpse You start resting.
A goblin is nearby!
Found a scroll labelled TANIUJOFA.
The goblin shouts!
You see here 9 gold pieces.
An endoplasm comes into view.
You see here a scroll labelled ADERPH XUPU.
c - a scroll labelled ADERPH XUPU The goblin misses you.
You see here 9 gold pieces.
You now have 9 gold pieces.
The goblin closely misses you. The goblin closely misses you.
You are too injured to fight recklessly!
You are too injured to fight recklessly!
You are too injured to fight recklessly!
You closely miss the goblin. The endoplasm closely misses you.
The goblin hits you but does no damage.
You hit the goblin. You burn the goblin.
The goblin is severely wounded.
The endoplasm misses you. The goblin hits you with a +0 dagger.
The endoplasm hits you.
You closely miss the goblin.
The goblin is severely wounded.
The goblin hits you with a +0 dagger.
* * * LOW HITPOINT WARNING * * *
The endoplasm hits you.
* * * LOW HITPOINT WARNING * * *
The goblin completely misses you. The endoplasm freezes you.
You are frozen.
You resist.
You die...

#.#..###.#######.##
# #....##.......##
# ##.#.#####∩####
#.##.#.#######
#.#........#
###(...#.###.#
#.......)....#
#.####)####..# ..
#?#.@.#.# .. .
##.J.g.## g
..#..#.#..#..#.
#.....)..(......
#..#..#.#..#..#.
#..##..!..##.## #.
#.#...#. . #
####.#### ...


You could see an endoplasm and a goblin.

Vanquished Creatures
  A giant cockroach (D:1)
  2 goblins (D:1)
  A rat (D:1)
4 creatures vanquished.

Notes
Turn   | Place    | Note
-------+----------+-------------------------------------------
     0 | D:1      | SnakkuSnakku7 the Mummy Cinder Acolyte began the quest for
                  | the Orb.
     0 | D:1      | Reached XP level 1. HP: 18/18 MP: 2/2
    96 | D:1      | Frozen to death by an endoplasm

Illustrated notes

Levels and vault maps discovered:
D:1:      nagdon_arrival_double_spiral, layout_loops_ring,
          hellmonk_ecumenical_altar_zigzags, minmay_nonomino_d4

Action                   || total
-------------------------++-------
Melee: Mace              ||    13
Armor: Robe              ||     1
Dodge: Dodged            ||     9
